 Dungeon Crawl Stone Soup version 0.30-b1-2-g02819fbbbe (webtiles) character file.

Game seed: 17666960354486777416

724 LLlMATKO the Chopper (level 7, -3/63 HPs)
             Began as a Minotaur Berserker on Aug 8, 2023.
             Was a Believer of Trog.
             Slain by an ogre
             ... wielding a +0 giant club
              (52 damage)
             ... on level 4 of the Dungeon.
             The game lasted 00:03:52 (3331 turns).

LLlMATKO the Chopper (Minotaur Berserker)           Turns: 3331, Time: 00:03:53

Health: -3/63      AC:  8    Str: 24    XL:     7   Next: 43%
Magic:  6/6        EV:  2    Int:  4    God:    Trog [**....]
Gold:   215        SH:  0    Dex:  9    Spells: 6/6 levels left

rFire   . . .        a - +0 hand axe
rCold   . . .        (no shield)
rNeg    . . .        m - +0 ring mail
rPois   .            (helmet restricted)
rElec   .            l - +0 cloak
rCorr   .            n - +0 pair of gloves
SInv    .            (no boots)
Will    .....        (no amulet) Stlth
                     (no ring)
HPRegen 0.30/turn    (no ring)
MPRegen 0.10/turn

%: no passive effects
@: sleeping, on berserk cooldown
A: horns 2, retaliatory headbutt
a: Renounce Religion, Berserk, Trog's Hand


You were on level 4 of the Dungeon.
You worshipped Trog.
Trog was pleased with you.
You visited 1 branch of the dungeon, and saw 5 of its levels.

You collected 215 gold pieces.

Inventory:

Hand Weapons
 a - a +0 hand axe (weapon)
Missiles
 k - 5 boomerangs (quivered)
Armour
 l - a +0 cloak (worn)
 m - a +0 ring mail (worn)
 n - a +0 pair of gloves (worn)
Jewellery
 D - a ring of ice
Wands
 z - a wand of flame (18)
 B - a wand of paralysis (9)
Scrolls
 b - a scroll of amnesia {unknown}
 d - 2 scrolls of torment {unknown}
 e - 2 scrolls of butterflies {unknown}
 f - 4 scrolls of teleportation {unknown}
 h - 3 scrolls of fog {unknown}
 i - a scroll of magic mapping {unknown}
 o - a scroll of vulnerability {unknown}
 r - a scroll of fear {unknown}
 s - a scroll of identify {unknown}
 t - a scroll of poison {unknown}
 u - a scroll of enchant armour {unknown}
 x - 2 scrolls of immolation {unknown}
 y - 3 scrolls of blinking {unknown}
 A - a scroll of enchant weapon {unknown}
Potions
 c - a potion of lignification {unknown}
 g - 2 potions of ambrosia {unknown}
 j - 5 potions of heal wounds {unknown}
 p - a potion of brilliance {unknown}
 q - 3 potions of flight {unknown}
 v - a potion of mutation {unknown}
 w - 2 potions of resistance {unknown}
 C - a potion of haste {unknown}
 E - a potion of degeneration {unknown}


   Skills:
 + Level 6.1 Fighting
 + Level 6.1 Axes
 + Level 5.4 Armour
 + Level 5.0 Dodging


You had 6 spell levels left.
You didn't know any spells.
Your spell library was empty.

Dungeon Overview and Level Annotations

Branches:
Dungeon (5/15)             Temple (0/1) D:4

Altars:
Ashenzari
Makhleb
Okawaru
Trog

Shops:
D:2 ([?


Innate Abilities, Weirdness & Mutations

You have a pair of horns on your head.
You reflexively headbutt those who attack you in melee.


Message History

Done exploring.
Done exploring.
Done exploring.
Okay, then.
(D) Dungeon (T) Temple
Where to? (Enter - D:4, ? - help)
There is an open translucent door here.
There is a stone staircase leading down here.
You climb downwards.
Found 18 gold pieces.
There is a stone staircase leading up here.
An adder comes into view.
Found a potion of curing.
Found a stone staircase leading up.
An ogre and a sleepcap come into view.
Found a bubbling red potion.
Unknown command.
The ogre hits you with a +0 giant club. The adder attacks as you move away!
The adder closely misses you. You furiously retaliate!
You headbutt the adder!
You kill the adder!
Trog accepts your kill.
Your Dodging skill increases to level 5!
The ogre attacks as you move away! The ogre hits you but does no damage.
There is a stone staircase leading up here.
You feel yourself speed up. The sleepcap releases spores at you.
The ogre misses you. The sleepcap misses you.
You climb upwards.
There is a stone staircase leading down here.
You hit the sleepcap but do no damage. You hit the ogre.
The ogre closely misses you.
The sleepcap releases spores at you but does no damage.
You completely miss the ogre. You headbutt the ogre!
The ogre is moderately wounded.
You hit the sleepcap. The sleepcap releases spores at you.
You are engulfed in a cloud of soporific spores!
You fall asleep.
The ogre hits you with a +0 giant club!!!
Ouch! That really hurt!
You die...

#.# ############
#.# #..........#
#.#####
#.########.#
#.....# #.# #.#
#.###.### #.# #.#
#.#.....## #.# #.#
#........## #.#
#.#
##...###...####.#
#.#
##...##⌠##....f@O#
#.#
#...##...##...####
#.#
#..##.....##..#
#.######
##..'...♣..⌠#..#
#.......
....##.....##..#
#.#####.
.#...##...##...###
#.# #.
......##⌠##......#
##.# #.
####...###...###.#
##..# #.
#####.......## #.#
#..#### #.


You could see an ogre and a sleepcap.

Vanquished Creatures
  Grinder (D:3)
  The ghost of diceflayer the Chopper, an amateur DsGl (D:4)
  A black bear (D:4)
  Blork the orc (D:4)
  2 hounds
  Crazy Yiuf (D:3)
  Jessica (D:3)
  Ijyb (D:3)
  Terence (D:3)
  An adder (D:5)
  A worm (D:2)
  2 orcs (D:4)
  5 ball pythons
  10 bats
  7 endoplasms
  4 giant cockroaches
  7 goblins
  5 hobgoblins
  5 jackals
  4 kobolds
  A quokka (D:1)
  3 frilled lizards
  5 rats
70 creatures vanquished.

Notes
Turn   | Place    | Note
-------+----------+-------------------------------------------
     0 | D:1      | LLlMATKO the Minotaur Berserker began the quest for the
                  | Orb.
     0 | D:1      | Reached XP level 1. HP: 19/19 MP: 0/0
   129 | D:1      | Reached XP level 2. HP: 27/27 MP: 1/1
   360 | D:1      | Reached ** piety under Trog
   570 | D:2      | Reached XP level 3. HP: 33/33 MP: 2/2
   616 | D:2      | Found Deroym's Antique Weapon Boutique.
   749 | D:2      | Found Pixkeuzai's Antique Armour Shop.
   823 | D:2      | Found Tawenuq's Magic Scroll Emporium.
  1021 | D:2      | Found a burning altar of Makhleb.
  1473 | D:3      | Noticed Terence
  1489 | D:3      | Killed Terence
  1490 | D:3      | Reached XP level 4. HP: 41/41 MP: 3/3
  1672 | D:3      | Noticed Grinder
  1680 | D:3      | Paralysed by Grinder for 5 turns
  1693 | D:3      | Paralysed by Grinder for 5 turns
  1701 | D:3      | Killed Grinder
  1702 | D:3      | Reached skill level 5 in Fighting
  1702 | D:3      | Reached skill level 5 in Axes
  1702 | D:3      | Reached XP level 5. HP: 13/48 MP: 4/4
  1702 | D:3      | Reached XP level 6. HP: 16/56 MP: 5/5
  1879 | D:3      | Found a runed translucent door.
  1880 | D:3      | Noticed Crazy Yiuf
  1962 | D:3      | Noticed Jessica
  1970 | D:3      | Killed Jessica
  2130 | D:3      | Found a bloodstained altar of Trog.
  2275 | D:3      | Noticed Ijyb
  2288 | D:3      | Killed Ijyb
  2371 | D:3      | Killed Crazy Yiuf
  2429 | D:4      | Noticed Blork the orc
  2442 | D:4      | Killed Blork the orc
  2559 | D:4      | Found a large runed translucent door.
  2560 | D:4      | Found a large runed translucent door.
  2692 | D:4      | Found a runed translucent door.
  2701 | D:4      | Noticed diceflayer's ghost (amateur DsGl)
  2754 | D:4      | Found a staircase to the Ecumenical Temple.
  2766 | D:4      | Reached skill level 5 in Armour
  2766 | D:4      | Reached XP level 7. HP: 52/62 MP: 6/6
  3215 | D:4      | Found an iron altar of Okawaru.
  3225 | D:4      | Found a broken altar of Ashenzari.
  3293 | D:4      | Killed diceflayer's ghost
  3322 | D:5      | Entered Level 5 of the Dungeon
  3327 | D:5      | Reached skill level 5 in Dodging
  3331 | D:4      | Slain by an ogre

Illustrated notes

Levels and vault maps discovered:
D:1:      roderic_chinese_lattice_arrival, layout_rooms
D:2:      layout_basic, basic_altar, serial_shops, nicolae_shop_crystal, shop,
          shop
D:3:      layout_loops_ring, mainiacjoe_overflow_catwalk, uniq_jessica,
          uniq_ijyb, uniq_grinder, uniq_terence, uniq_crazy_yiuf_cottage
D:4:      layout_loops_ring, jmf_multi_god_temple2,
          minmay_temple_entry_overgrown, hellmonk_ghost_happy_afterlife,
          uniq_blork_the_orc
D:5:      layout_loops_ring, nicolae_vehumet_radiance, uniq_pikel

Skill      XL: |  1  2  3  4  5  6  7 |
---------------+----------------------+-----
Fighting       | 4 5 6 |  6.1
Axes           | 4 5 6 |  6.1
Armour         | 3 4 5 |  5.4
Dodging        | 3 4 5 |  5.0

Action                     |  1- 3 |  4- 6 |  7- 9 || total
---------------------------+-------+-------+-------++-------
  Melee: Hand axe          |   109 |    65 |    25 ||   199
         Headbutt          |    12 |    10 |     5 ||    27
         Punch             |       |     1 |       ||     1
 Invoke: Berserk           |     1 |     2 |     1 ||     4
         Trog's Hand       |       |       |     1 ||     1
 Armour: Animal skin       |    21 |       |       ||    21
         Ring mail         |    18 |    29 |    15 ||    62
  Dodge: Dodged            |    80 |    35 |     9 ||   124
